 Dungeon Crawl Stone Soup version 0.21.1 (webtiles) character file.

400 Gargoyl the Skirmisher (level 6, 0/52 HPs)
             Began as a Centaur Abyssal Knight on Feb 3, 2018.
             Was a Believer of Lugonu.
             Slain by a gnoll sergeant
             ... wielding a +0 spear
              (9 damage)
             ... on level 4 of the Dungeon.
             The game lasted 00:06:52 (3235 turns).

Gargoyl the Skirmisher (Centaur Abyssal Knight)     Turns: 3235, Time: 00:06:54

Health: 0/52       AC: 10    Str: 14    XL:     6   Next: 54%
Magic:  8/8        EV:  1    Int: 11    God:    Lugonu [**....]
Gold:   235        SH:  3    Dex: 11    Spells: 5/5 levels left

rFire    . . .     SeeInvis .   g - +0 hand axe (vamp)
rCold    . . .     Gourm    .   d - +0 buckler
rNeg     . . .     Faith    .   m - +0 plate armour
rPois    +         Spirit   .   (helmet restricted)
rElec    .         Reflect  .   k - +0 cloak
rCorr    .         Harm     .   (no gloves)
MR       .....                  (no barding)
Stlth    ..........             (no amulet)
HPRegen  0.17/turn              e - ring of poison resistance
MPRegen  0.11/turn              (no ring)

@: very quick
A: large, beak, hooves 3, blink, deformed body, speed 2, tough skin 3
a: Blink, Depart the Abyss, Bend Space, Renounce Religion


You were on level 4 of the Dungeon.
You worshipped Lugonu.
Lugonu was pleased with you.
You were not hungry.

You visited 1 branch of the dungeon, and saw 4 of its levels.
You visited the Abyss 1 time.
You also visited: Sewer.

You collected 235 gold pieces.

Inventory:

Hand Weapons
 a - a +2 hand axe
 g - a +0 vampiric hand axe (weapon)
Missiles
 j - 18 tomahawks (quivered)
Armour
 d - a +0 buckler (worn)
 k - a +0 cloak (worn)
 m - a +0 plate armour (worn)
Jewellery
 e - a ring of poison resistance (left hand)
Scrolls
 l - 2 scrolls of identify
 o - a scroll of fog
 q - 2 scrolls of amnesia
 r - a scroll of remove curse
Potions
 b - a potion of resistance {unknown}
 f - a potion of invisibility
 h - 2 potions of curing
 i - a potion of mutation
 n - a potion of heal wounds
 p - a potion of ambrosia {unknown}
Comestibles
 c - 8 rations


   Skills:
 + Level 4.0 Fighting
 + Level 3.8 Axes
 * Level 3.2 Armour
 + Level 1.1 Dodging
 * Level 3.3 Invocations


You had 5 spell levels left.
You didn't know any spells.

Dungeon Overview and Level Annotations

Branches:
Dungeon (4/15)
 Temple: D:4-7

Altars:
Fedhas
Gozag
Wu Jian
Xom
Yredelemnul
Zin

Annotations:
D:4 hell0's ghost, amateur DrFE


Innate Abilities, Weirdness & Mutations

You have hooves in place of feet.
Armour fits poorly on your strangely shaped body.
You cover ground very quickly.
You have extremely tough skin. (AC +3)
You have a beak for a mouth.
You can translocate small distances at will.


Message History

You block the gnoll sergeant's attack.
Your plate armour prevents you from hitting the gnoll sergeant.
Your kick misses the gnoll sergeant.
The gnoll sergeant is heavily wounded.
The gnoll sergeant hits you but does no damage.
You hit the gnoll sergeant.
You feel better.
Your kick misses the gnoll sergeant. You peck the gnoll sergeant.
The gnoll sergeant is severely wounded.
The gnoll sergeant hits you with a spear.
You hit the gnoll sergeant but do no damage.
You peck the gnoll sergeant.
The gnoll sergeant is almost dead.
The gnoll sergeant hits you with a spear.
You hit the gnoll sergeant but do no damage.
You peck the gnoll sergeant, but do no damage.
The gnoll sergeant is almost dead.
The gnoll sergeant hits you with a spear!
* * * LOW HITPOINT WARNING * * *
The gnoll sergeant hits you with a spear!
You die...

###...####.........###
##.....†...........+.)
#..................###
#.##..###.#.......##
#.###.###.##.....##
#≈≈≈≈.≈≈≈≈###...##
#≈##≈.≈##≈# ##'##
#≈###)###≈# #.#
#≈≈#.@g#≈≈# #.#
#≈≈#...# ≈# ##.#######
#.[.# ##.........
##### #.....####.
##...## #. ##.######.
#.####.###....
#..........##.
######........


You could see a gnoll sergeant.

Vanquished Creatures
  Purgy (Sewer)
  A sky beast (D:4)
  A bullfrog skeleton (D:4)
  A worker ant (D:4)
  3 gnolls (D:4)
  4 adders
  4 worms (D:3)
  3 dart slugs
  3 leopard geckos (D:3)
  3 orcs
  5 giant cockroaches
  7 goblins
  7 hobgoblins
  3 jackals (D:2)
  A quokka (D:4)
  3 ball pythons
  4 bats (D:1)
  5 frilled lizards
  9 kobolds
  4 rats
72 creatures vanquished.

Notes
Turn   | Place    | Note
-------+----------+-------------------------------------------
     0 | Abyss:1  | Gargoyl the Centaur Abyssal Knight began the quest for the Orb.
     0 | Abyss:1  | Reached XP level 1. HP: 19/19 MP: 2/2
    51 | Abyss:1  | Noticed a spatial maelstrom
    51 | Abyss:1  | Noticed a spatial vortex
    51 | Abyss:1  | Noticed a spatial vortex
    52 | Abyss:1  | Noticed a spatial vortex
    65 | Abyss:2  | Noticed a thrashing horror
    74 | D:1      | Escaped the Abyss
   291 | D:1      | Reached XP level 2. HP: 22/26 MP: 3/3
   545 | D:1      | Reached * piety under Lugonu
   598 | D:1      | Reached XP level 3. HP: 25/31 MP: 4/4
  1042 | D:2      | Found a basalt altar of Yredelemnul.
  1201 | D:2      | Reached XP level 4. HP: 33/39 MP: 5/5
  1497 | D:3      | Found a blossoming altar of Fedhas.
  1525 | D:3      | Found an ornate altar of the Wu Jian Council.
  1666 | D:3      | Found a glowing drain.
  1681 | Sewer    | Entered a sewer
  1699 | Sewer    | Noticed Purgy
  1702 | Sewer    | Gained mutation: You can translocate small distances at will. [potion of mutation]
  1702 | Sewer    | Gained mutation: You have a beak for a mouth. [potion of mutation]
  1727 | Sewer    | Killed Purgy
  1727 | Sewer    | Reached skill level 1 in Dodging
  1727 | Sewer    | Reached XP level 5. HP: 46/46 MP: 5/7
  1803 | Sewer    | Reached ** piety under Lugonu
  2199 | D:3      | Found a shimmering altar of Xom.
  2532 | D:4      | Noticed hell0's ghost (amateur DrFE)
  2858 | D:4      | Found a glowing silver altar of Zin.
  2859 | D:4      | Found an opulent altar of Gozag.
  3029 | D:4      | Reached XP level 6. HP: 49/52 MP: 8/8
  3051 | D:4      | Noticed a sky beast
  3075 | D:4      | Killed a sky beast
  3075 | D:4      | Reached skill level 4 in Fighting
  3235 | D:4      | Slain by a gnoll sergeant

Skill      XL: |  1  2  3  4  5  6 |
---------------+-------------------+-----
Axes           | 2 3 |  3.8
Armour         | 2 3 |  3.2
Dodging        | 1 |  1.1
Invocations    | 3 |  3.3
Fighting       | 4 |  4.0

Action                   |  1- 3 |  4- 6 || total
-------------------------+-------+-------++-------
Melee: Hand axe          |    83 |   185 ||   268
       Kick              |    15 |    41 ||    56
       Peck              |       |    16 ||    16
Invok: Depart the Abyss  |     1 |       ||     1
  Use: Scroll            |     4 |     4 ||     8
       Potion            |       |     6 ||     6
  Eat: Chunk             |       |     3 ||     3
       Ration            |       |     2 ||     2
Armor: Chain mail        |    57 |    45 ||   102
       Skin              |       |    48 ||    48
       Plate armour      |       |    68 ||    68
Dodge: Dodged            |    24 |    21 ||    45
Block: Buckler           |       |     5 ||     5
